 Dungeon Crawl Stone Soup version 0.30.0-5-g1a98f26d00 (webtiles) character file.

Game seed: 5176325226996548513

430 SnakkuSnakku7 the Skirmisher (level 6, -1/33 HPs)
             Began as a Deep Elf Transmuter on May 11, 2023.
             Slain by an ogre
             ... wielding a +0 giant club
              (23 damage)
             ... on level 3 of the Dungeon.
             The game lasted 00:03:34 (2377 turns).

SnakkuSnakku7 the Skirmisher (Deep Elf Transmuter)  Turns: 2377, Time: 00:03:35

Health: -1/33      AC:  4    Str:  7    XL:     6   Next: 66%
Magic:  12/12      EV: 12    Int: 20    God:
Gold:   56         SH:  0    Dex: 15    Spells: 10/11 levels left

rFire   . . .        a - +2 sling (drain)
rCold   . . .        (no shield)
rNeg    . . .        k - +0 robe
rPois   .            n - +0 helmet
rElec   .            m - +0 cloak
rCorr   .            (no gloves)
SInv    .            (no boots)
Will    .....        (no amulet)
Stlth   +            (no ring)
HPRegen 0.25/turn    (no ring)
MPRegen 0.13/turn

%: no passive effects
@: lethally poisoned (-1 -> -3)
A: no striking features
a: no special abilities


You were on level 3 of the Dungeon.
You visited 1 branch of the dungeon, and saw 3 of its levels.

You collected 56 gold pieces.

Inventory:

Hand Weapons
 a - a +2 sling of draining (weapon)
Armour
 k - a +0 robe (worn)
 m - a +0 cloak (worn)
 n - a +0 helmet (worn)
Jewellery
 j - a +6 ring of strength
Scrolls
 b - a scroll of noise {unknown}
 c - 2 scrolls of poison {unknown}
 d - a scroll of amnesia {unknown}
 h - 2 scrolls of identify {unknown}
 i - a scroll of brand weapon {unknown}
 l - a scroll of blinking {unknown}
 o - a scroll of enchant weapon {unknown}
Potions
 e - a potion of haste
 g - a potion of flight {unknown}


   Skills:
 - Level 0.7 Fighting
 + Level 8.1 Ranged Weapons
 - Level 2.4 Dodging
 - Level 2.8 Unarmed Combat
 - Level 3.0 Spellcasting
 - Level 2.9 Transmutations
 - Level 1.4 Earth Magic


You had 10 spell levels left.
You knew the following spells:

 Your Spells              Type           Power      Damage    Failure   Level
a - Beastly Appendage     Tmut           28%        N/A       4%          1

Your spell library contained the following spells:

 Spells                   Type           Power      Damage    Failure   Level
 Wereblood                Tmut           14%        N/A       7%          2
 Spider Form              Tmut/Pois      8%         N/A       24%         3
 Volatile Blastmotes      Fire/Tloc      6%         2d10      38%         3
 Ice Form                 Ice/Tmut       8%         N/A       61%         4
 Fulminant Prism          Conj/Hex       1%         3d5       80%         4
 Iskenderun's Mystic Bla  Conj/Tloc      3%         2d3       80%         4
 Lee's Rapid Deconstruct  Erth           4%         3d5*      91%         5


Dungeon Overview and Level Annotations

Branches:
Dungeon (3/15)

Altars:
Trog


Message History

You shoot a sling bullet. The sling bullet misses the adder.
The sling bullet hits the ogre!
The ogre is heavily wounded.
The adder bites you but does no damage. The goblin closely misses you.
The adder attacks as you move away! The adder bites you but does no damage.
The goblin attacks as you move away! The goblin barely misses you.
The adder bites you.
You are poisoned.
The adder poisons you!
You shoot a sling bullet. The sling bullet misses the adder.
The sling bullet barely misses the goblin.
You feel sick. The adder bites you.
You shoot a sling bullet.
The sling bullet closely misses the adder.
The sling bullet barely misses the goblin.
You feel sick. The adder bites you.
You are more poisoned.
The adder poisons you!
Unknown command.
You shoot a sling bullet.
The sling bullet closely misses the adder.
The sling bullet misses the goblin.
You feel sick. The adder misses you. The adder barely misses you.
Unknown command.
You shoot a sling bullet.
The sling bullet barely misses the adder.
The sling bullet hits the goblin!
You kill the goblin!
You feel sick. The adder closely misses you.
Unknown command.
You shoot a sling bullet. The sling bullet hits the adder.
You kill the adder!
You feel sick.
Unknown command.
You shoot a sling bullet.
The sling bullet barely misses the ogre.
You feel sick.
The ogre hits you with a +0 giant club!!
Ouch! That really hurt!
You die...

#..#.#####.###.# #.........#
#.
............##.###..##.#####
#.
.........................#
#.
.....###...####.##..##.#.#
#. ..###....### #.##..##...#
#. ...##...## #.##.......#
#. ........# #.##.#####.# #.
....#...#######.##.## ### #.
...>............@O).## .. #.
..#.##.########.###..#.♣..♣.
#. ....##.########.#
#..'..~~.. #.
..#..........##. #..'..~~..
## ..#.##.#####.###
#..#.♣..♣. ..#.##.#####.####
####......
................###### #####
.....................# #.#
....##.########.###### #.#


You could see an ogre.

Vanquished Creatures
  Grinder (D:3)
  A water moccasin (D:3)
  Robin (D:3)
  3 gnolls (D:3)
  3 adders (D:3)
  2 worms (D:3)
  2 dart slugs (D:2)
  An endoplasm (D:1)
  3 giant cockroaches
  11 goblins
  8 hobgoblins
  4 quokkas
  4 ball pythons (D:2)
  A bat (D:3)
  2 frilled lizards
  3 kobolds
  4 rats (D:2)
54 creatures vanquished.

Notes
Turn   | Place    | Note
-------+----------+-------------------------------------------
     0 | D:1      | SnakkuSnakku7 the Deep Elf Transmuter began the quest for
                  | the Orb.
     0 | D:1      | Reached XP level 1. HP: 11/11 MP: 6/6
   151 | D:1      | Reached XP level 2. HP: 16/16 MP: 6/8
   756 | D:2      | Reached skill level 1 in Earth Magic
   851 | D:2      | Reached XP level 3. HP: 20/20 MP: 7/9
  1326 | D:2      | Reached skill level 1 in Ranged Weapons
  1462 | D:3      | Found a bloodstained altar of Trog.
  1472 | D:3      | Noticed Robin
  1493 | D:3      | Killed Robin
  1494 | D:3      | Reached skill level 2 in Ranged Weapons
  1615 | D:3      | Reached XP level 4. HP: 17/24 MP: 10/10
  1651 | D:3      | Reached skill level 3 in Ranged Weapons
  1652 | D:3      | Noticed Grinder
  1680 | D:3      | Paralysed by Grinder for 2 turns
  1694 | D:3      | Killed Grinder
  1695 | D:3      | Reached skill level 6 in Ranged Weapons
  1695 | D:3      | Reached XP level 5. HP: 4/28 MP: 11/11
  1695 | D:3      | Reached XP level 6. HP: 4/33 MP: 12/12
  2101 | D:3      | Noticed a water moccasin
  2123 | D:3      | Reached skill level 7 in Ranged Weapons
  2133 | D:3      | Killed a water moccasin
  2134 | D:3      | Reached skill level 8 in Ranged Weapons
  2377 | D:3      | Slain by an ogre

Illustrated notes

Levels and vault maps discovered:
D:1:      eino_arrival_cavern_b, layout_basic, nicolae_figureground_sparkle
D:2:      layout_basic
D:3:      layout_basic, mainiacjoe_overflow_paths,
          worldfamousw_hep_ancestral_shrine, kennysheep_generic_room_15,
          uniq_robin, uniq_grinder

Skill      XL: |  1  2  3  4  5  6 |
---------------+-------------------+-----
Earth Magic    | 1 |  1.4
Ranged Weapons | 2 6 8 |  8.1
Fighting       | |  0.7
Dodging        | |  2.4
Unarmed Combat | |  2.8
Spellcasting   | |  3.0
Transmutations | |  2.9

Action                     |  1- 3 |  4- 6 || total
---------------------------+-------+-------++-------
  Melee: Unarmed           |    68 |       ||    68
         Kick              |    15 |       ||    15
         Headbutt          |     3 |       ||     3
         Punch             |     1 |       ||     1
   Fire: Sling             |    50 |    84 ||   134
   Cast: Beastly Appendage |    15 |       ||    15
    Use: Potion            |       |     6 ||     6
 Armour: Robe              |    22 |     5 ||    27
         Skin              |       |    19 ||    19
  Dodge: Dodged            |    62 |    18 ||    80
